 Dungeon Crawl Stone Soup version 0.29-a0-330-g52719c12eb (webtiles) character file.

Game seed: 15682350881309380959

2996 Ajdolov the Grappler (level 9, -6/49 HPs)
             Began as a Vine Stalker Fighter on Apr 21, 2022.
             Was a Follower of Ru.
             Mangled by Joseph
             ... wielding a +0 quarterstaff
              (12 damage)
             ... on level 7 of the Dungeon.
             The game lasted 00:09:29 (5958 turns).

Ajdolov the Grappler (Vine Stalker Fighter)         Turns: 5958, Time: 00:09:30

Health: -6/49      AC: 12    Str: 23    XL:     9   Next: 83%
Magic:  0/18       EV:  6    Int:  8    God:    Ru [*.....]
Gold:   410        SH:  4    Dex: 14    Spells: 19/19 levels left

rFire   . . .      SeeInvis .     - Unarmed
rCold   . . .      Faith    .   b - +0 buckler
rNeg    . . .      Spirit   +   x - +0 plate armour
rPois   .          Reflect  .   (no helmet)
rElec   .          Harm     .   E - +0 cloak
rCorr   +          Rampage  .   (no gloves)
Will    +....                   (no boots)
Stlth   ..........              (no amulet)
HPRegen 0.96/turn               l - ring of resist corrosion
MPRegen 0.16/turn               (no ring)

@: no status effects
A: fangs 3, regeneration 1, magic shield, antimagic bite, no potion heal 2,
hated by all
a: Renounce Religion


You were on level 7 of the Dungeon.
You worshipped Ru.
Ru was aware of your devotion.
You visited 1 branch of the dungeon, and saw 7 of its levels.
You also visited: Sewer.

You collected 410 gold pieces.

Inventory:

Armour
 b - a +0 buckler (worn)
 o - a scarf of repulsion
 x - a +0 plate armour (worn)
 E - a +0 cloak (worn)
Jewellery
 l - a ring of resist corrosion (left hand)
Wands
 r - a wand of mindburst (19)
 v - a wand of digging (5)
 D - a wand of acid (2)
Scrolls
 d - 2 scrolls of blinking {unknown}
 g - a scroll of immolation {unknown}
 h - a scroll of magic mapping {unknown}
 k - 3 scrolls of fog {unknown}
 m - a scroll of acquirement {unknown}
 n - 6 scrolls of teleportation {unknown}
 p - 9 scrolls of identify {unknown}
 q - 2 scrolls of enchant weapon {unknown}
 u - 4 scrolls of vulnerability {unknown}
 y - a scroll of amnesia {unknown}
 A - 2 scrolls of noise {unknown}
 B - 4 scrolls of fear {unknown}
Potions
 a - 2 potions of attraction {unknown}
 c - a potion of might
 e - 3 potions of berserk rage {unknown}
 f - a potion of cancellation {unknown}
 i - 6 potions of curing {unknown}
 j - 4 potions of brilliance
 s - a potion of magic {unknown}
 t - a potion of mutation {unknown}
 w - a potion of invisibility {unknown}
 z - 3 potions of haste {unknown}
 C - 2 potions of flight {unknown}


   Skills:
 + Level 6.7 Fighting
 - Level 2.4 Armour
 - Level 2.6 Shields
 * Level 9.8 Unarmed Combat
 + Level 5.7 Spellcasting
 - Level 2.3 Invocations


You had 19 spell levels left.
You didn't know any spells.
Your spell library contained the following spells:

 Spells                   Type           Power      Damage    Failure   Level
 Slow                     Hex            8%         N/A       100%        1
 Sting                    Tmut/Pois      8%         1d3       100%        1
 Poisonous Vapours        Pois/Air       4%         N/A       100%        2
 Confusing Touch          Hex            2%         N/A       100%        3
 Vampiric Draining        Necr           2%         2d6       100%        3
 Olgreb's Toxic Radiance  Pois           2%         N/A       100%        4
 Alistair's Intoxication  Tmut/Pois      1%         N/A       100%        5
 Borgnjor's Vile Clutch   Necr/Erth      1%         N/A       100%        5
 Eringya's Noxious Bog    Tmut/Pois      1%         N/A       100%        6


Dungeon Overview and Level Annotations

Branches:
Dungeon (7/15)              Sewer (visited)
 Temple: D:4-7

Altars:
Cheibriados
Elyvilon
Fedhas
Okawaru
Qazlal
Ru
Zin
Beogh

Annotations:
D:5 3 runed translucent doors, Tribosh's ghost, amateur FeAE
D:7 Joseph


Innate Abilities, Weirdness & Mutations

You have razor-sharp teeth.
Your natural rate of healing is unusually fast.
When hurt, damage is shared between your health and your magic reserves.
Your bite disrupts and absorbs the magic of your enemies.
Potions cannot restore your health.
You are hated by all.


Message History

It bursts into flame!
Joseph shoots a sling bullet.
You block the sling bullet.
Joseph shoots a sling bullet.
You block the sling bullet.
Joseph shoots a sling bullet.
The sling bullet hits you! The sling bullet burns you.
There is an open door, spattered with blood here.
You close the door.
You start resting.
Joseph is nearby!
Joseph shoots a sling bullet.
The sling bullet hits you. The sling bullet burns you.
Joseph shoots a sling bullet.
The sling bullet hits you! The sling bullet burns you.
* * * LOW HITPOINT WARNING * * *
Joseph unwields a +2 hunting sling of flaming.
It stops flaming.
Joseph wields a +0 quarterstaff.
Joseph barely misses you.
You closely miss Joseph.
Unknown command.
Aiming: Corrosive Bolt
Press: ? - help, Shift-Dir - straight line, f - Joseph
Aim: Joseph, wielding a +0 quarterstaff and wearing a +3 ring mail of fire resistance (75% to hit)
The bolt of acid hits Joseph!
The acid corrodes Joseph!
Joseph is lightly wounded.
Joseph shouts, "At last, some action!"
Joseph hits you with a +0 quarterstaff!
* * * LOW HITPOINT WARNING * * *
Okay, then.
Aiming: Corrosive Bolt
Press: ? - help, Shift-Dir - straight line, f/p - Joseph
Aim: Joseph, wielding a +0 quarterstaff and wearing a +3 ring mail of fire resistance (lightly wounded, covered in acid, 75% to hit)
The bolt of acid hits Joseph!
Joseph seems to be corroded for longer.
Joseph is moderately wounded.
Joseph hits you with a +0 quarterstaff.
* * * LOW HITPOINT WARNING * * *
Aiming: Corrosive Bolt
Press: ? - help, Shift-Dir - straight line, f/p - Joseph
Aim: Joseph, wielding a +0 quarterstaff and wearing a +3 ring mail of fire resistance (moderately wounded, covered in acid, 75% to hit)
The bolt of acid hits Joseph!
Joseph is heavily wounded.
Joseph hits you with a +0 quarterstaff!
You die...

........#.# #.....#
........#.# #.....#
........#'####.....#
#####...(........#
#.+............#
#.#.......@....8..
#.###+######......
#.# #.# ...8..
#@###.# ...#..
#.@...# ...#..
####### .#


You could see Joseph (corroded).

Vanquished Creatures
  A deep elf pyromancer (D:7)
  Prince Ribbit (D:4)
  Sigmund (D:2)
  Eustachio (D:4)
  2 steam dragons (D:7)
  A water moccasin (D:6)
  An ice beast (D:6)
  A black bear (D:6)
  3 ogres
  2 centaurs
  A phantom (D:4)
  2 kobold brigands
  A necrophage (D:5)
  A scorpion (D:5)
  3 jellies (D:5)
  4 hounds
  3 orc priests
  Jessica (D:3)
  6 iguanas
  A hell rat (Sewer)
  Ijyb (D:4)
  4 gnolls (D:6)
  A river rat (Sewer)
  8 adders
  A shadow imp (D:5)
  3 worms
  9 orcs
  6 ball pythons
  3 bats
  7 endoplasms
  9 giant cockroaches
  3 goblins
  8 hobgoblins
  2 jackals (D:3)
  21 kobolds
  6 quokkas
  4 frilled lizards
  12 rats
  A bush (D:5)
146 creatures vanquished.

Vanquished Creatures (others)
  A phantom (D:6)
1 creature vanquished.

Grand Total: 147 creatures vanquished

Notes
Turn   | Place    | Note
-------+----------+-------------------------------------------
     0 | D:1      | Ajdolov the Vine Stalker Fighter began the quest for the
                  | Orb.
     0 | D:1      | Reached XP level 1. HP: 11/11 MP: 2/2
   312 | D:1      | Reached XP level 2. HP: 12/16 MP: 3/3
   882 | D:1      | Found a faded altar of an unknown god.
   888 | D:1      | Reached skill level 3 in Unarmed Combat
   889 | D:1      | Reached XP level 3. HP: 20/20 MP: 4/4
  1934 | D:2      | Gained mutation: Your natural rate of healing is unusually
                  | fast. [Vine Stalker growth]
  1934 | D:2      | Reached XP level 4. HP: 24/24 MP: 5/5
  1940 | D:2      | Found an iron altar of Okawaru.
  1996 | D:2      | Noticed Sigmund
  2008 | D:2      | Killed Sigmund
  2009 | D:2      | Reached skill level 4 in Unarmed Combat
  2009 | D:2      | Reached XP level 5. HP: 29/29 MP: 5/7
  2009 | D:2      | Reached XP level 6. HP: 33/33 MP: 5/8
  2183 | D:3      | Found a glowing silver altar of Zin.
  2228 | D:3      | Noticed Jessica
  2236 | D:3      | Killed Jessica
  2292 | D:3      | Noticed a fire elemental
  2294 | D:3      | Found a stormy altar of Qazlal.
  2296 | D:3      | Noticed an air elemental
  2296 | D:3      | Noticed a water elemental
  2573 | D:3      | Reached skill level 5 in Unarmed Combat
  2605 | D:3      | Found a sacrificial altar of Ru.
  2727 | D:3      | Became a worshipper of Ru the Awakened
  3064 | D:4      | Found a blossoming altar of Fedhas.
  3146 | D:4      | Reached skill level 1 in Spellcasting
  3188 | D:4      | Found a white marble altar of Elyvilon.
  3346 | D:4      | Noticed Ijyb
  3356 | D:4      | Killed Ijyb
  3357 | D:4      | Reached XP level 7. HP: 37/37 MP: 9/9
  3478 | D:4      | Noticed Eustachio
  3505 | D:4      | Killed Eustachio
  3636 | D:5      | Entered Level 5 of the Dungeon
  3648 | D:4      | Reached skill level 6 in Unarmed Combat
  3695 | D:5      | Noticed Prince Ribbit
  3844 | D:4      | Killed Prince Ribbit
  3845 | D:4      | Reached skill level 5 in Fighting
  3845 | D:4      | Reached skill level 7 in Unarmed Combat
  3845 | D:4      | Gained mutation: You have razor-sharp teeth. [Vine Stalker
                  | growth]
  3845 | D:4      | Reached XP level 8. HP: 20/43 MP: 6/13
  3972 | D:5      | Gained mutation: You are hated by all. [Ru sacrifice]
  3972 | D:5      | Reached * piety under Ru
  4219 | D:5      | Identified the -2 buckler "Taurrosch" {rPois rC+++ Str-4}
  4310 | D:5      | Reached skill level 8 in Unarmed Combat
  4468 | D:5      | Found a runed translucent gate.
  4472 | D:5      | Found a runed translucent gate.
  4472 | D:5      | Noticed Tribosh's ghost (amateur FeAE)
  4473 | D:5      | Found a runed translucent gate.
  4514 | D:5      | Identified the +1 scale mail of Zin's Esteem {rPois Str+3
                  | Int+4 Dex+7}
  4695 | D:6      | Reached XP level 9. HP: 38/48 MP: 13/16
  4751 | D:6      | Found a glowing drain.
  4788 | Sewer    | Entered a sewer
  5270 | D:6      | Found a snail-covered altar of Cheibriados.
  5693 | D:7      | Noticed a deep elf pyromancer
  5707 | D:7      | Killed a deep elf pyromancer
  5708 | D:7      | Reached skill level 9 in Unarmed Combat
  5708 | D:7      | Reached skill level 5 in Spellcasting
  5934 | D:7      | Noticed Joseph
  5958 | D:7      | Mangled by Joseph

Illustrated notes

Levels and vault maps discovered:
D:1:      co_arrival_random_square_maze, layout_basic,
          dreamdust_ecumenical_altar_statues, hangedman_decor_peaks_small
D:2:      layout_basic, basic_altar, uniq_sigmund
D:3:      layout_basic, lemuel_tele_altar, mainiacjoe_overflow_cross_hatched,
          nicolae_qazlal_style_of_elements, hangedman_decor_slide_cut,
          uniq_jessica
D:4:      layout_basic, elyvilon_altar_1, mainiacjoe_overflow_brackets,
          feat_on_display, uniq_ijyb, uniq_eustachio
D:5:      minmay_opposing_rooms, layout_rooms, biasface_ghost_orc_armoury,
          minmay_hedge_maze, uniq_prince_ribbit1
D:6:      layout_gridville, amcnicky_altar_gilded, gup_sewer_entry_glass
D:7:      layout_basic, lemuel_temple_firewalk_b, minmay_stone_trees_small,
          minmay_manual_mess, uniq_joseph

Skill      XL: |  1  2  3  4  5  6  7  8  9 |
---------------+----------------------------+-----
Fighting       | 3 4 5 6 |  6.7
Unarmed Combat | 3 4 5 7 8 9 |  9.8
Invocations    | 2 |  2.3
Spellcasting   | 1 3 4 5 |  5.7
Armour         | |  2.4
Shields        | |  2.6

Action                   |  1- 3 |  4- 6 |  7- 9 || total
-------------------------+-------+-------+-------++-------
Melee: Unarmed           |   106 |   115 |   336 ||   557
       Bite              |    15 |    28 |   105 ||   148
Invok: Sacrifice Love    |       |       |     1 ||     1
Evoke: Wand              |       |       |     3 ||     3
Armor: Scale mail        |    35 |    45 |    22 ||   102
       Plate armour      |       |       |    82 ||    82
Dodge: Dodged            |    29 |    42 |    80 ||   151
Block: Buckler           |    26 |    21 |    44 ||    91

Table legend: (Time is in decaauts)
 A = Elapsed time spent in this place.
 B = Non-inter-level travel time spent in this place.
 C = Inter-level travel time spent in this place.
 D = Time resting spent in this place.
 E = Time spent auto-exploring this place.
 F = Levels seen in this place.
 G = Mean time per level.
                   A        B        C        D        E       F      G
               +--------+--------+--------+--------+--------+-----+--------+
         Total |   5951 |   5749 |    202 |    218 |   4225 |   8 |  743.9 |
       Dungeon |   5835 |   5633 |    202 |    218 |   4170 |   7 |  833.6 |
         Sewer |    115 |    115 |      0 |      0 |     55 |   1 |  115.0 |
               +--------+--------+--------+--------+--------+-----+--------+

Top non-repeatable levels by time:
     D:1: 1389 daAuts
     D:4: 993 daAuts
     D:6: 854 daAuts
     D:5: 788 daAuts
     D:2: 777 daAuts
     D:3: 678 daAuts
     D:7: 353 daAuts
   Sewer: 115 daAuts
